 Dungeon Crawl Stone Soup version 0.20-a0-433-g9e36e56 (webtiles) character file.

4858 Kriby the Thaumaturge (level 10, -7/63 HPs)
             Began as a Mummy Fire Elementalist on Jan 4, 2017.
             Was a Follower of Sif Muna.
             Killed from afar by lupus83's ghost (14 damage)
             ... with a blast of sand
             ... on level 8 of the Dungeon.
             The game lasted 00:16:10 (12595 turns).

Kriby the Thaumaturge (Mummy Fire Elementalist)    Turns: 12595, Time: 00:16:10

Health: -7/63      AC:  9    Str: 12    XL:     10   Next: 25%
Magic:  14/24      EV: 12    Int: 20    God:    Sif Muna [*.....]
Gold:   228        SH:  0    Dex: 13    Spells: 20/30 levels left

rFire  x . .     SeeInvis +     u - +1 whip (elec)
rCold  + . .     Gourm    .     F - +0 robe {MR+}
rNeg   + + +     Faith    .     (no shield)
rPois  ∞         Spirit   .     w - +2 helmet {SInv}
rElec  .         Reflect  .     q - +0 cloak
rCorr  .         Harm     .     e - +2 pair of gloves
MR     ++...                    (no boots)
Stlth  ++........               k - amulet of regeneration
                                l - ring of flight
                                m - +3 ring of intelligence

@: no status effects
A: no food or potions, fire vulnerability, cold resistance 1, negative energy
resistance 3, torment resistance, unbreathing
a: Divine Energy, Renounce Religion, Evoke Flight


You were on level 8 of the Dungeon.
You worshipped Sif Muna.
Sif Muna was aware of your devotion.
You were not hungry.

You visited 2 branches of the dungeon, and saw 9 of its levels.
You also visited: Ossuary.

You collected 415 gold pieces.
You spent 187 gold pieces at shops.

Inventory:

Hand Weapons
 d - a +1 mace
 g - a +0 spear
 p - a +0 hand axe
 u - a +1 whip of electrocution (weapon)
 E - a +0 war axe
Armour
 a - a +0 robe
 e - a +2 pair of gloves (worn)
 o - a +0 plate armour
 q - a +0 cloak (worn)
 w - a +2 helmet of see invisible (worn)
 F - a +0 robe of magic resistance (worn)
Jewellery
 k - an amulet of regeneration (around neck)
 l - a ring of flight (right hand)
 m - a +3 ring of intelligence (left hand)
Wands
 h - a wand of digging (10/24)
 n - a wand of lightning (5/15)
Scrolls
 c - a scroll of enchant armour
 f - 3 scrolls of remove curse
 i - a scroll of teleportation
 j - 2 scrolls of identify
 r - 3 scrolls of magic mapping
 s - a scroll of enchant weapon
 t - 2 scrolls of fog
Potions
 x - a potion of flight {unknown}
 z - 4 potions of curing {unknown}
 B - a potion of haste
 C - a potion of might {unknown}
 D - a potion of agility {unknown}
Books
 b - a book of Flames

   Spells                             Type                      Level
   a - Flame Tongue                   Conjuration/Fire             1
   b - Throw Flame                    Conjuration/Fire             2
   c - Conjure Flame                  Conjuration/Fire             3
   d - Inner Flame                    Hexes/Fire                   3
   e - Sticky Flame                   Conjuration/Fire             4
   f - Fireball                       Conjuration/Fire             5
 v - a book of Cantrips

   Spells                             Type                      Level
   a - Confusing Touch                Hexes                        1
   b - Animate Skeleton               Necromancy                   1
   c - Summon Small Mammal            Summoning                    1
   d - Apportation                    Translocation                1


   Skills:
 - Level 1.5 Dodging
 - Level 1.5 Stealth
 * Level 10.8 Spellcasting
 + Level 8.2 Conjurations
 + Level 6.7 Fire Magic


You had 20 spell levels left.
You knew the following spells:

 Your Spells              Type           Power        Failure   Level  Hunger
a - Flame Tongue          Conj/Fire      #####        1%          1    N/A
b - Conjure Flame         Conj/Fire      #####...     1%          3    N/A
c - Sticky Flame          Conj/Fire      #####...     3%          4    N/A
d - Throw Flame           Conj/Fire      #####.       1%          2    N/A

Dungeon Overview and Level Annotations

Branches:
Dungeon (8/15)             Temple (1/1) D:7            Lair (0/6) D:8

Altars:
Ashenzari
Cheibriados
Dithmenos
Elyvilon
Fedhas
Gozag
Hepliaklqana
Kikubaaqudgha
Makhleb
Nemelex Xobeh
Okawaru
Qazlal
Ru
Sif Muna
Trog
Uskayaw
Vehumet
Xom
Yredelemnul
Zin
The Shining One

Shops:
D:4 *   D:6 [

Annotations:
D:8 lupus83's ghost, novice GrEE


Innate Abilities, Weirdness & Mutations

You do not eat or drink.
Your flesh is vulnerable to fire.
You are immune to poison.
Your flesh is cold resistant. (rC+)
You are immune to negative energy. (rN+++)
You are immune to unholy pain and torment.
You can survive without breathing.


Message History

Lupus83's ghost is engulfed in roaring flames.
Lupus83's ghost gestures at you while chanting.
The stone arrow hits you!
Ouch! That really hurt!
Evoke which item? (* to show all) (? for menu, Esc to quit)
Aiming: Lightning Bolt
Press: ? - help, Shift-Dir - straight line, f/p - lupus83's ghost
Aim: lupus83's ghost, wielding a weapon of venom (flame, moderately damaged)
You hear a mighty clap of thunder!
The bolt of lightning misses lupus83's ghost.
This wand has 5 charges left.
You hear a shout!
Lupus83's ghost is engulfed in roaring flames.
Lupus83's ghost gestures at you while chanting.
The stone arrow hits you!
* * * LOW HITPOINT WARNING * * *
Lupus83's ghost is engulfed in roaring flames.
Lupus83's ghost gestures at you while chanting.
The blast of sand hits you!
You die...

#. .# ..###
..# ...# ....
#h.#
..P..#####..##
...PP♣.......#
..♣.P!.......#
..P.....W.@<.#
P..P/........#
P.PP..)P...†.#
.P...........#
.>PP.♣♣†....>#
....P.♣......#
.P.P.P.......#
.....♣...###.#
....P.PP!....#


You could see a wolf and lupus83's ghost.

Vanquished Creatures
  Pikel (D:7)
  A hippogriff (D:7)
  A spriggan (D:7)
  4 yaks (D:7)
  A basilisk (D:8)
  An orc warrior (D:7)
  4 porcupines
  2 sky beasts
  An ice beast (D:7)
  2 black bears
  2 slaves (D:7)
  A necrophage (D:7)
  3 centaurs
  3 ogres
  2 crocodiles (D:7)
  A big kobold (D:7)
  2 bullfrogs (D:7)
  9 scorpions
  2 howler monkeys
  A crimson imp (D:6)
  2 centaur zombies (Ossuary)
  A centaur skeleton (D:7)
  2 hounds
  A jelly (D:7)
  6 orc wizards
  Crazy Yiuf (D:3)
  An orc priest (D:4)
  A bullfrog skeleton (D:6)
  A gnoll shaman (D:8)
  Terence (D:2)
  4 worker ants
  An iguana (D:8)
  A big kobold zombie (Ossuary)
  A hound zombie (D:7)
  3 mummies (Ossuary)
  10 gnolls
  2 scorpion zombies (Ossuary)
  10 adders
  An ooze (D:1)
  4 worms
  3 dart slugs
  3 leopard geckos
  16 orcs
  7 bats
  9 giant cockroaches
  5 goblins
  10 hobgoblins
  10 jackals
  3 quokkas
  3 frilled lizards
  2 gnoll zombies (Ossuary)
  2 goblin zombies (Ossuary)
  2 hobgoblin zombies (Ossuary)
  2 jackal zombies (D:5)
  12 kobolds
  3 kobold zombies (Ossuary)
  An orc zombie (Ossuary)
  4 rats
195 creatures vanquished.

Vanquished Creatures (others)
  A slave (D:7)
  A crimson imp (D:7)
  A bullfrog skeleton (D:7)
  An adder skeleton (D:7)
  2 gnoll zombies (Ossuary)
6 creatures vanquished.

Grand Total: 201 creatures vanquished

Notes
Turn   | Place    | Note
-------+----------+-------------------------------------------
     0 | D:1      | Kriby the Mummy Fire Elementalist began the quest for the Orb.
     0 | D:1      | Reached XP level 1. HP: 13/13 MP: 4/4
    39 | D:1      | Reached skill level 1 in Conjurations
   296 | D:1      | Reached XP level 2. HP: 19/19 MP: 1/5
   423 | D:1      | Reached skill level 3 in Spellcasting
   874 | D:2      | Reached XP level 3. HP: 20/24 MP: 4/7
  1058 | D:2      | Noticed Terence
  1077 | D:2      | HP: 1/24 [Terence/falchion of slicing (1)]
  1079 | D:2      | Killed Terence
  1495 | D:2      | Reached XP level 4. HP: 30/30 MP: 4/9
  2366 | D:2      | Learned a level 3 spell: Conjure Flame
  2371 | D:2      | Learned a level 4 spell: Sticky Flame
  2374 | D:2      | Learned a level 2 spell: Throw Flame
  2427 | D:3      | Reached skill level 4 in Spellcasting
  2996 | D:3      | Found a runed door.
  3123 | D:3      | Reached XP level 5. HP: 35/35 MP: 8/11
  3747 | D:3      | Noticed Crazy Yiuf
  3753 | D:3      | Killed Crazy Yiuf
  3945 | D:4      | Found Sutzoh's Assorted Antiques.
  4284 | D:4      | Reached XP level 6. HP: 36/41 MP: 8/13
  4355 | D:4      | Reached skill level 5 in Spellcasting
  4822 | D:5      | Entered Level 5 of the Dungeon
  5414 | D:5      | Reached XP level 7. HP: 36/46 MP: 2/15
  6113 | D:6      | Found a snail-covered altar of Cheibriados.
  6156 | D:6      | Reached skill level 6 in Spellcasting
  6156 | D:6      | Reached skill level 5 in Conjurations
  6674 | D:6      | Found a sand-covered staircase.
  6713 | Ossuary  | Entered an ossuary
  6729 | Ossuary  | Reached XP level 8. HP: 46/52 MP: 9/17
  7484 | Ossuary  | Reached skill level 7 in Spellcasting
  8224 | D:6      | Found Neheogeom's Antique Armour Emporium.
  8504 | D:6      | Reached skill level 5 in Fire Magic
  8830 | D:6      | Bought a glowing robe for 187 gold pieces
  9294 | D:7      | Reached XP level 9. HP: 57/57 MP: 12/20
  9373 | D:7      | Reached skill level 8 in Spellcasting
  9747 | D:7      | Noticed Pikel
  9804 | D:7      | Killed Pikel
  9934 | D:7      | Found a staircase to the Ecumenical Temple.
  9959 | Temple   | Entered the Ecumenical Temple
 10262 | Temple   | Became a worshipper of Sif Muna the Loreminder
 10459 | D:7      | Reached skill level 9 in Spellcasting
 11783 | D:7      | Reached skill level 10 in Spellcasting
 11785 | D:7      | Reached XP level 10. HP: 35/63 MP: 8/24
 11980 | D:8      | Reached * piety under Sif Muna
 12576 | D:8      | Found a staircase to the Lair.
 12576 | D:8      | Noticed lupus83's ghost (novice GrEE)
 12595 | D:8      | Killed from afar by lupus83's ghost

Vault maps used:
D:1:      matt_arrival_refuge
D:2:      first_bread, uniq_terence
D:3:      grunt_ministairs_9, uniq_crazy_yiuf_cottage
D:4:      serial_shops, shop
D:6:      serial_shops, nicolae_shop_overgrown_old_shop,
          nicolae_ossuary_entry_ruins, basic_altar
D:7:      the_bakery, grunt_ministairs_13, minivault_26, uniq_pikel
D:8:      lemuel_ratsnest, minmay_lair_entry_grove, minmay_misc_feat_chi,
          nicolae_tso_besieged_by_evil, uniq_maurice, uniq_grum
Temple:   regret_index_temple_sigil_plot
Ossuary:  ossuary_minmay_scorpions

Skill      XL: |  1  2  3  4  5  6  7  8  9 |
---------------+----------------------------+-----
Conjurations   | 1 2 3 4 5 6 8 |  8.2
Spellcasting   | 3 4 5 6 7 10 | 10.8
Fire Magic     | 3 4 5 6 |  6.7
Dodging        | |  1.5
Stealth        | |  1.5

Action                   |  1- 3 |  4- 6 |  7- 9 | 10-12 || total
-------------------------+-------+-------+-------+-------++-------
Melee: Mace              |     9 |       |   105 |       ||   114
       Spear             |    13 |     1 |       |       ||    14
       Hand axe          |       |   220 |     7 |       ||   227
       Whip              |       |       |     8 |     2 ||    10
 Cast: Flame Tongue      |    46 |   137 |   251 |     7 ||   441
       Conjure Flame     |       |     2 |     7 |     1 ||    10
       Sticky Flame      |       |     2 |    37 |     9 ||    48
       Throw Flame       |       |       |       |    13 ||    13
Evoke: Wand              |       |       |       |     4 ||     4
  Use: Scroll            |       |     1 |    15 |       ||    16
Armor: Robe              |    10 |    83 |    98 |     6 ||   197
Dodge: Dodged            |    33 |   169 |   193 |    10 ||   405
